 Dungeon Crawl Stone Soup version 0.31-a0-1091-g283494c966 (webtiles) character file.

Game seed: 2496263711037989587

22 Dirtsage the Changeling (level 2, 0/18 HPs)
             Began as an Octopode Shapeshifter on Nov 28, 2023.
             Slain by a worm (6 damage)
             ... on level 2 of the Dungeon.
             The game lasted 00:02:23 (726 turns).

Dirtsage the Changeling (Octopode Shapeshifter)      Turns: 726, Time: 00:02:24

Health: 0/18       AC:  1    Str: 13    XL:     2   Next: 91%
Magic:  2/2        EV: 13    Int: 12    God:
Gold:   53         SH:  0    Dex: 11    Spells: 1/1 levels left

rFire   . .          .
                       - Unarmed
rCold   . . .        (no shield)
rNeg    . . .        (helmet currently unavailable)
rPois   .            (no amulet)
rElec   .            d - ring of flight
rCorr   .            (no ring)
SInv    .            (no ring)
Will    .....        (no ring)
Stlth   ++           (no ring)
HPRegen 0.23/turn    (no ring)
MPRegen 0.08/turn    (no ring)
                     (no ring)

%: no passive effects
@: beast-form, flying
A: beast (slay +1), almost no armour, amphibious, 8 rings, camouflage 1,
gelatinous body 1, (nimble swimmer 1), tentacles
a: Begin Untransformation


You were on level 2 of the Dungeon.
You were a hulking beast.
You visited 1 branch of the dungeon, and saw 2 of its levels.

You collected 53 gold pieces.

Inventory:

Jewellery
 d - a ring of flight (left tentacle)
Talismans
 b - a beast talisman
 c - a flux talisman
Scrolls
 e - a scroll of brand weapon {unknown}
 f - 3 scrolls of identify {unknown}
 g - a scroll of fog {unknown}
 h - a scroll of silence {unknown}
 i - a scroll of noise {unknown}
 j - a scroll of immolation {unknown}
Potions
 a - 2 potions of lignification


   Skills:
 + Level 1.5 Fighting
 - Level 2.0 Dodging
 + Level 3.2 Unarmed Combat
 * Level 3.4 Shapeshifting


You had one spell level left.
You didn't know any spells.
Your spell library was empty.

Dungeon Overview and Level Annotations

Branches:
Dungeon (2/15)

Altars:
Dithmenos


Innate Abilities, Weirdness & Mutations

You are a hulking beast.
Your limbs bulge with bestial killing power. (Slay +1)
You cannot wear most types of armour.
You are amphibious.
You can wear up to eight rings at the same time.
Your skin changes colour to match your surroundings (Stealth+).
Your rubbery body absorbs attacks. (AC +1, EV +1)
((You are camouflaged when in or above water. (Stealth+)))
You have tentacles for arms and can constrict up to eight enemies at once.


Message History

A kobold comes into view. It is wielding a +0 whip.
The helpless kobold fails to defend itself.
You tentacle-slap the kobold. You grab the kobold.
The kobold is heavily wounded.
You constrict the kobold, but do no damage.
The kobold hits you with a +0 whip.
You take 3 damage, and have 15/18 hp.
You tentacle-slap the kobold.
You kill the kobold!
No target in view!
Things that are here:
a +0 whip; a kobold corpse
There is an open door here.
There is an open door, spattered with blood here.
There is a stone staircase leading down here.
You see here a +0 dagger.
You see here a ball python skeleton.
Done exploring.
Health restored: 18 Done exploring.
You see here a ball python skeleton.
You see here a +0 dagger.
There is a stone staircase leading down here.
You fly downwards.
There is a stone staircase leading up here.
There is a stone staircase leading up here.
A worm comes into view.
Found a shadowy altar of Dithmenos.
The worm bites you!
Ouch! That really hurt!
You take 12 damage, and have 6/18 hp.
MASSIVE DAMAGE!!
You are too injured to fight recklessly!
You are too injured to fight recklessly!
You tentacle-slap the worm. You grab the worm.
The worm is moderately wounded.
You constrict the worm. You tentacle-slap the worm.
The worm is severely wounded.
You constrict the worm. The worm bites you.
You die...

........
.._....# ....#.#
....#.###
#.#.....
+.#.#.## ###
#.#....#.....
#....hw...#
#..#.#......#
#..#.######..
#.##..
#.########..
#...........
#..#.###.#..
.....#.<.#
...###.###.#####


You could see a worm.

Vanquished Creatures
  A dart slug (D:1)
  3 endoplasms (D:1)
  3 goblins (D:1)
  2 hobgoblins (D:1)
  A kobold (D:1)
  A quokka (D:1)
  A ball python (D:1)
  3 bats (D:1)
  4 rats (D:1)
19 creatures vanquished.

Notes
Turn   | Place    | Note
-------+----------+-------------------------------------------
     0 | D:1      | Dirtsage the Octopode Shapeshifter began the quest for the
                  | Orb.
     0 | D:1      | Reached XP level 1. HP: 13/13 MP: 1/1
    94 | D:1      | Reached XP level 2. HP: 15/18 MP: 2/2
   721 | D:2      | Found a shadowy altar of Dithmenos.
   726 | D:2      | Slain by a worm

Illustrated notes

Levels and vault maps discovered:
D:1:      onia_arrival_pyramid, layout_loops_ring, kennysheep_minor_cross,
          minmay_stone_trees_medium, minmay_misc_feat_four_crosses
D:2:      layout_basic, basic_altar, roderic_lattice_a, st_stairs_8,
          nicolae_wormholes

Action                     || total
---------------------------++-------
  Melee: Unarmed           ||    41
         Constrict         ||     9
         Tentacles         ||     3
   Stab: Sleeping          ||     3
 Armour: Skin              ||    12
  Dodge: Dodged            ||    21

Table legend: (Time is in decaauts)
 A = Elapsed time spent in this place.
 B = Non-inter-level travel time spent in this place.
 C = Inter-level travel time spent in this place.
 D = Time resting spent in this place.
 E = Time spent auto-exploring this place.
 F = Levels seen in this place.
 G = Mean time per level.
                   A        B        C        D        E       F      G
               +--------+--------+--------+--------+--------+-----+--------+
         Total |    722 |    708 |     14 |      0 |    600 |   2 |  361.0 |
       Dungeon |    722 |    708 |     14 |      0 |    600 |   2 |  361.0 |
               +--------+--------+--------+--------+--------+-----+--------+

Top non-repeatable levels by time:
     D:1: 701 daAuts
     D:2: 20 daAuts
